 Dungeon Crawl Stone Soup version 0.27-a0-1308-gc08437e49b (webtiles) character file.

Game seed: 12859682001897776302

94 freelancePsychic the Chopper (level 4, 0/41 HPs)
             Began as a Hill Orc Fighter on June 18, 2021.
             Killed from afar by a steam dragon (14 damage)
             ... with a ball of steam
             ... on level 3 of the Dungeon.
             The game lasted 00:02:28 (1990 turns).

freelancePsychic the Chopper (Hill Orc Fighter)     Turns: 1990, Time: 00:02:28

Health: 0/41       AC:  8    Str: 19    XL:     4   Next: 63%
Magic:  4/4        EV:  7    Int:  8    God:
Gold:   94         SH:  9    Dex: 10    Spells: 3/3 levels left

rFire    . . .     SeeInvis .   a - +0 war axe
rCold    . . .     Faith    .   c - +0 kite shield
rNeg     . . .     Spirit   .   b - +0 scale mail
rPois    .         Reflect  .   g - +0 helmet
rElec    .         Harm     .   (no cloak)
rCorr    .         Rampage  .   (no gloves)
Will     .....                  (no boots)
Stlth    ..........             (no amulet)
HPRegen  0.13/turn              (no ring)
MPRegen  0.09/turn              (no ring)

@: no status effects
A: no striking features
a: no special abilities


You were on level 3 of the Dungeon.
You visited 1 branch of the dungeon, and saw 3 of its levels.

You collected 94 gold pieces.

Inventory:

Hand Weapons
 a - a +0 war axe (weapon)
Armour
 b - a +0 scale mail (worn)
 c - a +0 kite shield (worn)
 g - a +0 helmet (worn)
Jewellery
 j - a ring of fire
 o - a ring of positive energy
Scrolls
 e - a scroll of identify {@r1}
 i - a scroll of teleportation {unknown}
 k - a scroll of enchant weapon
 l - a scroll of holy word {unknown}
 p - a scroll of vulnerability {unknown}
 q - a scroll of noise {unknown}
Potions
 d - 2 potions of might
 f - a potion of brilliance {unknown}
 h - a potion of curing {unknown}
 m - a potion of ambrosia {unknown}
 n - a potion of flight {unknown}


   Skills:
 + Level 4.4 Fighting
 * Level 4.8 Axes
 + Level 4.0 Armour
 - Level 3.2 Shields


You had 3 spell levels left.
You didn't know any spells.
Your spell library was empty.

Dungeon Overview and Level Annotations

Branches:
Dungeon (3/15)

Altars:
Elyvilon


Message History

No target in view!
No target in view!
No target in view!
No target in view!
No target in view!
No target in view!
No target in view!
No target in view!
No target in view!
No target in view!
No target in view!
You see here a quokka corpse.
You see here a quokka corpse.
q - a scroll labelled YFITHR COFILIDGH
Found a stone staircase leading down.
There is a stone staircase leading down here.
Found 16 stones.
You open the door.
Found a white marble altar of Elyvilon.
Found an escape hatch in the floor.
You see here a rat skeleton.
You see here a ball python skeleton.
A steam dragon comes into view.
The steam dragon hisses angrily.
The steam dragon breathes steam at you. The ball of steam misses you.
You hear an angry hiss.
You hear a bark!
You hit the steam dragon but do no damage.
You are engulfed in a cloud of scalding steam.
The steam dragon breathes steam at you. The ball of steam hits you!
You hear a bark!
As you read the scroll labelled CORCHU OR OMOGO, it crumbles to dust.
It is a scroll of identify.
k - a scroll of enchant weapon The steam dragon barely misses you.
The steam dragon claws you but does no damage.
The steam dragon bites you. The steam dragon barely misses you.
The steam dragon breathes steam at you. The ball of steam hits you!
You die...

####.###...## .# #.#
##### #.# ##.## #.#
#.).# #.# #...#
####.## #...# #####
.....# #####...###....
##.#.###...........#..
#....@................
#.#.§###...........#..
#.#D.# #####...##..#.#
.....# ##..........
.#...## #÷.######...
#.#...# #÷÷##..###.. #
....# #....÷..###.
.....# #....#...##.
#.##.## #...##....#.


You could see a steam dragon (catching breath).

Vanquished Creatures
  3 adders
  A worm (D:2)
  2 dart slugs
  5 ball pythons
  7 endoplasms
  2 giant cockroaches
  5 goblins
  8 hobgoblins
  6 jackals
  3 quokkas
  3 bats
  2 frilled lizards (D:2)
  2 kobolds
  6 rats
55 creatures vanquished.

Notes
Turn   | Place    | Note
-------+----------+-------------------------------------------
     0 | D:1      | freelancePsychic the Hill Orc Fighter began the quest for
                  | the Orb.
     0 | D:1      | Reached XP level 1. HP: 19/19 MP: 1/1
   281 | D:1      | Reached XP level 2. HP: 20/27 MP: 2/2
   674 | D:1      | Reached XP level 3. HP: 30/33 MP: 3/3
  1280 | D:2      | Reached XP level 4. HP: 38/40 MP: 4/4
  1738 | D:3      | Found a faded altar of an unknown god.
  1958 | D:3      | Found a white marble altar of Elyvilon.
  1981 | D:3      | Noticed a steam dragon
  1990 | D:3      | Killed from afar by a steam dragon

Illustrated notes

Levels and vault maps discovered:
D:1:      saegor_arrival_simple_b, layout_basic
D:2:      layout_rooms, serial_aquarium, aquarium_bridge_long_separate
          [aquarium_subvault_bridge, aquarium_subvault_bridge,
          aquarium_subvault_window, aquarium_subvault_wall,
          aquarium_subvault_balcony, aquarium_subvault_bridge],
          aquarium_window_fake, aquarium_window_2, aquarium_view_2a,
          aquarium_view_2g, supply_closet_lemuel
D:3:      layout_loops_cross, general_overflow_altar,
          lemuel_coloured_pillars_altar, basic_ecumenical_altar, minmay_cupped

Skill      XL: |  1  2  3  4 |
---------------+-------------+-----
Axes           | 3 4 |  4.8
Fighting       | 4 |  4.4
Armour         | 4 |  4.0
Shields        | |  3.2

Action                   |  1- 3 |  4- 6 || total
-------------------------+-------+-------++-------
Melee: War axe           |   106 |    30 ||   136
  Use: Scroll            |       |     1 ||     1
Armor: Scale mail        |    62 |    18 ||    80
Dodge: Dodged            |    38 |    10 ||    48
Block: Kite shield       |    55 |    15 ||    70

Table legend: (Time is in decaauts)
 A = Elapsed time spent in this place.
 B = Non-inter-level travel time spent in this place.
 C = Inter-level travel time spent in this place.
 D = Time resting spent in this place.
 E = Time spent auto-exploring this place.
 F = Levels seen in this place.
 G = Mean time per level.
                   A        B        C        D        E       F      G
               +--------+--------+--------+--------+--------+-----+--------+
         Total |   2062 |   1993 |     69 |      0 |   1675 |   3 |  687.3 |
       Dungeon |   2062 |   1993 |     69 |      0 |   1675 |   3 |  687.3 |
               +--------+--------+--------+--------+--------+-----+--------+

Top non-repeatable levels by time:
     D:1: 1194 daAuts
     D:2: 453 daAuts
     D:3: 414 daAuts
